AoeStats
← HANAMICHI

Scandinavia

510459638Analyzed
1v1 RM · 1d ago on Oct 1, 2026· 54m 30s· 2 players
Game mode
Random Map
Map size
Tiny (2 player)
Population
200
Speed
Normal
Resources
Standard
Victory
Conquest
Starting age
Dark Age
Ending age
Imperial Age
RankedLock teamsTeams togetherTeam positionsShared explorationLock speedFull tech treeHidden civsTurbo modeCheats
Victory
Defeat
🇲🇽 Mongols · Mexico
1052
+16
🇺🇸 Persians · United States
1052
-16
thermalMane
10:34 Feudal Age
11:00 Double-Bit Axe
11:12 Loom
11:58 Horse Collar
17:44 Castle Age
19:22 Bow Saw
24:54 Heavy Plow
27:57 Kamandaran
28:32 Gold Mining
28:14 Crossbowman
30:28 Thumb Ring
31:16 Bloodlines
32:16 Fletching
33:10 Husbandry
37:48 Imperial Age
35:59 Bodkin Arrow
38:09 Heavy Camel Rider
40:13 Scale Barding Armor
40:19 Forging
40:10 Padded Archer Armor
44:19 Ballistics
45:54 Iron Casting
45:41 Chain Barding Armor
46:59 Conscription
47:08 Light Cavalry
50:55 Hussar
52:23 Gold Shaft Mining
51:33 Elite Skirmisher
53:21 Leather Archer Armor
HANAMICHI
3:12 Loom
11:55 Feudal Age
12:00 Man-at-Arms
14:20 Double-Bit Axe
16:06 Wheelbarrow
15:27 Horse Collar
21:33 Castle Age
22:09 Scale Mail Armor
22:43 Hand Cart
22:32 Fletching
22:59 Pikeman
24:36 Chain Mail Armor
24:57 Forging
29:16 Heavy Plow
30:18 Iron Casting
33:59 Town Watch
34:47 Bow Saw
35:19 Bodkin Arrow
38:18 Imperial Age
36:15 Stone Mining
36:16 Gold Mining
36:47 Padded Archer Armor
37:37 Stone Shaft Mining
37:17 Town Patrol
38:16 Crossbowman
39:01 Thumb Ring
39:13 Leather Archer Armor
39:11 Scale Barding Armor
39:24 Bracer
41:06 Plate Mail Armor
41:09 Conscription
42:27 Nomads
42:33 Elite Skirmisher
45:05 Blast Furnace
44:12 Arbalester
45:38 Nomads
48:25 Capped Ram
50:38 Chemistry
53:56 Chain Barding Armor
Connection lost

Rejoining the realm…

Still unreachable

The connection could not be restored.

Session expired

The server has moved on; the page needs a fresh start.